 Dungeon Crawl Stone Soup version 0.19.0-2-gae57169 (webtiles) character file.

61883 Gingerlord the Fighter (level 15, 0/119 HPs)
             Began as a Human Wanderer on Nov 7, 2016.
             Was a High Priest of Okawaru.
             Slain by a dire elephant (29 damage)
             ... on level 6 of the Lair of Beasts.
             The game lasted 01:26:12 (23410 turns).

Gingerlord the Fighter (Human Wanderer)            Turns: 23410, Time: 01:26:12

Health: 0/119      AC: 22    Str: 22    XL:     15   Next: 43%
Magic:  18/20      EV: 21    Int:  9    God:    Okawaru [*****.]
Gold:   1085       SH: 15    Dex: 17    Spells: 0 memorised, 16 levels left

rFire  . . .     SeeInvis +     a - +1 war axe
rCold  + . .     Gourm    .     o - +2 scale mail of Starshine {rElec Regen+ Str+4 Int-3}
rNeg   + . .     Faith    .     L - +0 shield
rPois  +         Spirit   .     z - +2 helmet
rElec  +         Reflect  .     u - +0 cloak {rPois}
rCorr  .         Harm     .     D - +1 pair of gloves {Dex+3}
MR     +....                    i - +0 pair of boots
Stlth  ++........               I - amulet of regeneration
                                e - ring of see invisible
                                G - ring of the Locust {rC+ rN+}

@: heroism, finesse, very slightly contaminated, hasted, very quick
A: no striking features
a: Heroism, Finesse, Renounce Religion


You were on level 6 of the Lair of Beasts.
You worshipped Okawaru.
Okawaru was extremely pleased with you.
You were not hungry.

You visited 4 branches of the dungeon, and saw 21 of its levels.
You also visited: Labyrinth.

You collected 1206 gold pieces.
You spent 121 gold pieces at shops.

Inventory:

Hand Weapons
 a - a +1 war axe (weapon)
Armour
 i - a +0 pair of boots (worn)
 o - the +2 scale mail of Starshine (worn) {rElec Regen+ Str+4 Int-3}
   (You took it off a minotaur in a labyrinth)

   It affects your strength (+4).
   It affects your intelligence (-3).
   It insulates you from electricity.
   It increases your rate of regeneration.
 u - a +0 cloak of poison resistance (worn)
 z - a +2 helmet (worn)
 D - a +1 pair of gloves of dexterity (worn)
 L - a +0 shield (worn)
Rods
 m - a -1 rod of ignition (9/9)
   (You took it off a minotaur in a labyrinth)
Jewellery
 e - a ring of see invisible (right hand)
 G - the ring of the Locust (left hand) {rC+ rN+}
   (You found it on level 6 of the Dungeon)

   [ring of positive energy]

   It protects you from cold.
   It protects you from negative energy.
 I - an amulet of regeneration (around neck)
Wands
 r - a wand of acid (1/15)
 y - a wand of iceblast (7/15)
 E - a wand of digging (7/24)
 P - a wand of digging (5/24)
Scrolls
 h - 3 scrolls of identify
 j - a scroll of random uselessness
 k - a scroll of brand weapon
 l - 4 scrolls of fog
 n - a scroll of enchant armour
 p - a scroll of immolation
 q - 2 scrolls of vulnerability
 s - 7 scrolls of remove curse
Potions
 b - 3 potions of brilliance
 c - a potion of resistance
 d - a potion of flight
 t - a potion of ambrosia
 v - a potion of haste
 A - 2 potions of cancellation
 C - 2 potions of mutation
 F - a potion of cure mutation
Comestibles
 f - 3 bread rations
 g - 10 fruits
 w - 8 meat rations
 x - a slice of pizza
 B - 7 beef jerkies


   Skills:
 + Level 11.4(16.4) Fighting
 + Level 11.3(16.3) Axes
 - Level 1.0(6.0) Throwing
 + Level 11.2(16.2) Armour
 + Level 11.2(16.2) Dodging
 + Level 11.2(16.2) Shields
 - Level 1.0 Spellcasting
   Level 3.0 Summonings
   Level 1.0 Transmutations
 - Level 7.6 Invocations
 - Level 1.0 Evocations


You had 16 spell levels left.
You didn't know any spells.

Dungeon Overview and Level Annotations

Branches:
Dungeon (13/15)            Temple (1/1) D:5            Lair (6/6) D:11
 Shoals (0/4) Lair:4       Spider (0/4) Lair:4        Slime (0/5) Lair:5
    Orc (1/2) D:12
 Vaults: D:13-14

Altars:
Ashenzari
Cheibriados
Dithmenos
Elyvilon
Fedhas
Gozag
Hepliaklqana
Kikubaaqudgha
Makhleb
Nemelex Xobeh
Okawaru
Qazlal
Ru
Sif Muna
Trog
Uskayaw
Vehumet
Xom
Yredelemnul
Zin
The Shining One
Jiyva

Shops:
D:4 !

Annotations:
Lair:6 WeeknightWizard's ghost, journeyman MiBe


Message History

You hit the dire elephant.
Unknown command.
You hit the dire elephant.
The dire elephant is almost dead.
You hit the dire elephant. The dire elephant tramples you!!
* * * LOW HITPOINT WARNING * * *
You stumble backwards!
Unknown command.
You hit the dire elephant but do no damage.
The dire elephant is almost dead.
Unknown command.
A dire elephant comes into view.
Okay, then.
Okay, then.
Unknown command.
You feel yourself speed up.
You are very lightly contaminated with residual magic.
Okay, then.
The dire elephant tramples you!!
You die...

#####...### #......P..##
♣..........# ♣8♣##.#..#..# # ♣}♣
###'##''######### #### .## ♣♣
#..8#..Y.8##[≈≈##...(# #.###
#...#.....'..≈≈≈'...$[ ....#
#.#Y####.8#.≈≈≈≈'.../| ....#
######'#Y.@Y####.≈≈≈≈#.../# ....#
#P.....####....#≈≈≈≈P###### ....#
#......# ####.###≈.###8.8# ....#
#..P..(##♣♣###...#####8.⌠.8
....##########♣....###...........
.....#######♣.......♣########+++#
.................................
.................................
.................<...............


You could see 3 dire elephants.

Vanquished Creatures
  Rupert (Lair:4)
  Gastronok (D:12)
  Frances (D:12)
  A minotaur (Lab)
  A great orb of eyes (D:12)
  2 catoblepae
  An anaconda (Lair:6)
  4 hydras
  The ghost of koshka the Thaumaturge, a journeyman DEFE of Vehumet (D:11)
  4 death yaks (Lair:3)
  Sonja (D:12)
  An unseen horror (D:10)
  6 hill giants
  3 ugly things
  10 elephants
  A cyclops (D:11)
  7 black mambas
  A gargoyle (Lab)
  6 spiny frogs
  4 kobold demonologists
  A rime drake (Lair:1)
  6 komodo dragons
  A meliai (D:12)
  2 jumping spiders (Lair:4)
  2 two-headed ogres (D:11)
  2 polar bears
  A troll (D:9)
  A hornet (D:12)
  8 slime creatures
  11 hippogriffs
  11 blink frogs
  A redback (Lair:4)
  3 wyverns
  A shadow (D:11)
  23 yaks
  A hungry ghost (D:9)
  A wraith (D:12)
  3 basilisks
  A steam dragon (D:10)
  Menkaure (D:5)
  Edmund (D:4)
  4 water moccasins
  2 hell hounds
  11 porcupines
  Duvessa (D:6)
  2 ogres
  2 ice beasts
  2 black bears
  4 orc warriors
  A sky beast (D:11)
  11 wolves
  2 centaurs
  5 crocodiles
  A big kobold (D:12)
  21 bullfrogs
  A gnoll sergeant (D:12)
  Dowan (D:6)
  An earth elemental (Lab)
  A wyvern skeleton (D:12)
  5 scorpions
  20 killer bees
  A water moccasin skeleton (D:6)
  7 wights (D:12)
  2 electric eels
  5 howler monkeys
  6 crimson imps
  2 centaur zombies
  A quasit (D:9)
  A bullfrog zombie (D:7)
  13 jellies
  20 orc wizards
  7 orc priests
  4 hounds
  2 bullfrog skeletons
  2 centaur skeletons (D:11)
  Jessica (D:3)
  An iguana (D:9)
  11 worker ants
  A hound zombie (D:10)
  A hound skeleton (D:6)
  12 gnolls
  A howler monkey skeleton (D:8)
  4 adders
  2 shadow imps
  14 oozes
  An adder zombie (D:9)
  4 worms
  3 dart slugs
  4 leopard geckos
  67 orcs
  3 giant cockroaches
  6 goblins
  3 hobgoblins
  21 jackals
  5 quokkas
  A ball python (D:2)
  6 bats
  5 frilled lizards
  14 kobolds
  A leopard gecko zombie (D:5)
  3 rats
  5 fungi
  3 plants
513 creatures vanquished.

Vanquished Creatures (others)
  An orc (D:11)
  7 fungi
  2 plants
10 creatures vanquished.

Grand Total: 523 creatures vanquished

Notes
Turn   | Place    | Note
-------+----------+-------------------------------------------
     0 | D:1      | Gingerlord the Human Wanderer began the quest for the Orb.
     0 | D:1      | Gingerlord set off with: a book of Callings, Xeefig's Papyrus of Evil Magic, a +0 hand axe, a +0 robe, a bread ration
     0 | D:1      | Reached XP level 1. HP: 16/16 MP: 2/2
     0 | D:1      | Identified Xeefig's Papyrus of Evil Magic
   308 | D:1      | Reached skill level 1 in Dodging
   308 | D:1      | Reached XP level 2. HP: 14/22 MP: 3/3
   317 | D:1      | Reached skill level 1 in Armour
   835 | D:1      | Reached XP level 3. HP: 18/27 MP: 4/4
  1299 | D:2      | Found a snail-covered altar of Cheibriados.
  1299 | D:2      | Found a glowing silver altar of Zin.
  1299 | D:2      | Found a blossoming altar of Fedhas.
  1300 | D:2      | Found a hide-covered altar of Uskayaw.
  1302 | D:2      | Found a shimmering altar of Xom.
  1728 | D:2      | Reached XP level 4. HP: 33/33 MP: 5/5
  2533 | D:3      | HP: 2/49 [orc/club (2)]
  2829 | D:3      | Noticed Jessica
  2840 | D:3      | Killed Jessica
  2840 | D:3      | Reached XP level 5. HP: 28/39 MP: 6/6
  3220 | D:3      | Reached XP level 6. HP: 39/46 MP: 7/7
  3810 | D:4      | Found a white marble altar of Elyvilon.
  3890 | D:4      | Found Domil's Distillery.
  3904 | D:4      | Bought a potion of curing for 33 gold pieces
  3904 | D:4      | Bought a potion of degeneration for 11 gold pieces
  3904 | D:4      | Bought a potion of curing for 33 gold pieces
  3904 | D:4      | Bought a potion of might for 44 gold pieces
  4247 | D:4      | Reached XP level 7. HP: 27/52 MP: 8/8
  4531 | D:5      | Entered Level 5 of the Dungeon
  4559 | D:5      | Noticed Edmund
  4648 | D:4      | Killed Edmund
  4939 | D:5      | Found a staircase to the Ecumenical Temple.
  4944 | D:5      | Noticed Menkaure
  4954 | Temple   | Entered the Ecumenical Temple
  4981 | Temple   | Became a worshipper of Warmaster Okawaru
  5311 | D:6      | Reached XP level 8. HP: 45/61 MP: 9/9
  5344 | D:6      | Noticed Duvessa
  5344 | D:6      | Noticed Dowan
  5782 | D:5      | Killed Menkaure
  5782 | D:5      | Reached * piety under Okawaru
  5863 | D:6      | Killed Duvessa
  6347 | D:6      | Reached skill level 5 in Fighting
  6359 | D:6      | Got an ancient steel ring
  6363 | D:6      | Got a heavily runed scale mail
  6374 | D:6      | Identified the cursed +0 scale mail of Gystryhecs {rPois rN+ MP-9} (You found it on level 6 of the Dungeon)
  6374 | D:6      | Identified the ring of the Locust {rC+ rN+} (You found it on level 6 of the Dungeon)
  6613 | D:6      | Killed Dowan
  6613 | D:6      | Reached ** piety under Okawaru
  6613 | D:6      | Reached skill level 5 in Armour
  6681 | D:6      | Reached skill level 5 in Axes
  6686 | D:6      | Reached skill level 5 in Dodging
  6862 | D:6      | Reached XP level 9. HP: 65/68 MP: 1/10
  7010 | D:7      | Reached skill level 1 in Invocations
  7455 | D:7      | HP: 3/69 [centaur zombie (6)]
  8576 | D:8      | Noticed a hippogriff
  8593 | D:8      | Killed a hippogriff
  8943 | D:8      | Reached *** piety under Okawaru
  9305 | D:8      | Reached XP level 10. HP: 54/77 MP: 3/12
 10214 | D:10     | Entered Level 10 of the Dungeon
 10831 | D:11     | Noticed a cyclops
 10831 | D:11     | Noticed a green ugly thing
 11100 | D:10     | Reached skill level 5 in Invocations
 11104 | D:10     | Reached **** piety under Okawaru
 11104 | D:10     | Received a gift from Okawaru
 11240 | D:10     | Noticed an unseen horror
 11367 | D:10     | Killed an unseen horror
 11507 | D:10     | Reached XP level 11. HP: 78/86 MP: 3/15
 12144 | D:11     | Noticed koshka's ghost (journeyman DEFE)
 12538 | D:11     | Noticed a hill giant
 12561 | D:11     | Killed a hill giant
 12626 | D:11     | Found a staircase to the Lair.
 12684 | D:11     | Noticed a hill giant
 12710 | D:11     | Killed a hill giant
 12710 | D:11     | Reached ***** piety under Okawaru
 12776 | D:11     | Noticed a hill giant
 12795 | D:11     | Killed a hill giant
 13245 | D:11     | Noticed a soul eater
 13406 | D:11     | Killed koshka's ghost
 13406 | D:11     | Received a gift from Okawaru
 13406 | D:11     | Reached skill level 1 in Shields
 13406 | D:11     | Reached XP level 12. HP: 82/94 MP: 2/17
 13409 | D:11     | Got a topaz-encrusted scale mail {god gift}
 13420 | D:11     | Identified the +3 scale mail of Purpose {*Contam +Blink Regen+ Dex+3} (Okawaru gifted it to you on level 11 of the Dungeon)
 13448 | D:11     | Gained mutation: Scrolls take you a little longer to read. [mutagenic glow]
 13965 | D:11     | Reached XP level 13. HP: 101/101 MP: 9/18
 14618 | Lair:1   | Entered Level 1 of the Lair of Beasts
 15219 | Lair:1   | Noticed a seven-headed hydra
 16059 | Lair:3   | Noticed a catoblepas
 16084 | Lair:3   | Killed a catoblepas
 16740 | Lair:4   | Noticed a five-headed hydra
 16773 | Lair:4   | Reached skill level 10 in Fighting
 16894 | Lair:4   | Lost mutation: Scrolls take you a little longer to read. [potion of cure mutation]
 16931 | Lair:4   | Found a labyrinth entrance.
 16939 | Lab      | Entered a labyrinth
 17143 | Lab      | Reached XP level 14. HP: 110/110 MP: 8/19
 17270 | Lab      | Got a jewelled scale mail
 17292 | Lab      | Identified the +2 scale mail of Starshine {rElec Regen+ Str+4 Int-3} (You took it off a minotaur in a labyrinth)
 17440 | Lair:4   | Found a hole to the Spider Nest.
 17667 | Lair:4   | Noticed Rupert
 17694 | Lair:4   | Paralysed by Rupert for 3 turns
 17754 | Lair:4   | Identified a -1 rod of ignition (9/9) (You took it off a minotaur in a labyrinth)
 17944 | Lair:3   | Reached skill level 10 in Axes
 17987 | Lair:3   | Reached skill level 10 in Dodging
 17987 | Lair:3   | Reached skill level 10 in Shields
 18200 | Lair:3   | Reached skill level 10 in Armour
 18387 | Lair:4   | Paralysed by Rupert for 3 turns
 18640 | Lair:4   | Paralysed by Rupert for 7 turns
 19307 | D:12     | Found a staircase to the Orcish Mines.
 19423 | Orc:1    | Entered Level 1 of the Orcish Mines
 19423 | Orc:1    | Noticed an orc warlord
 19438 | D:12     | Noticed Gastronok
 19478 | D:12     | Killed Gastronok
 19557 | D:12     | Noticed Sonja
 19558 | D:12     | Noticed Frances
 19563 | D:12     | Killed Sonja
 19754 | D:12     | Killed Frances
 19881 | D:12     | Received a gift from Okawaru
 20492 | D:12     | Paralysed by a great orb of eyes for 7 turns
 20515 | D:12     | Paralysed by a great orb of eyes for 4 turns
 20911 | Lair:4   | Received a gift from Okawaru
 21041 | Lair:4   | Paralysed by Rupert for 5 turns
 21085 | Lair:4   | Killed Rupert
 21085 | Lair:4   | Reached XP level 15. HP: 80/118 MP: 15/20
 21333 | Lair:5   | Found a viscous altar of Jiyva.
 21334 | Lair:5   | Found a staircase to the Slime Pits.
 22001 | Lair:6   | Entered Level 6 of the Lair of Beasts
 22005 | Lair:6   | Noticed WeeknightWizard's ghost (journeyman MiBe)
 23410 | Lair:6   | Slain by a dire elephant

Skill      XL: |  1  2  3  4  5  6  7  8  9 10 11 12 13 14 15 |
---------------+----------------------------------------------+-----
Dodging        | 1 2 3 4 5 6 7 8 9 10 11 | 11.2
Armour         | 1 2 3 4 5 6 7 8 9 10 11 | 11.2
Axes           | 2 3 4 5 6 7 8 9 10 11 | 11.3
Fighting       | 3 4 5 6 7 8 9 10 11 | 11.4
Invocations    | 3 5 7 |  7.6
Shields        | 1 8 9 10 11 | 11.2
Throwing       | |  1.0
Spellcasting   | |  1.0
Summonings     | |  3.0
Transmutations | |  1.0
Evocations     | |  1.0

Action                   |  1- 3 |  4- 6 |  7- 9 | 10-12 | 13-15 || total
-------------------------+-------+-------+-------+-------+-------++-------
Melee: Hand axe          |   118 |    66 |       |       |       ||   184
       War axe           |       |   107 |   461 |   783 |  1734 ||  3085
       Punch             |       |       |       |    12 |       ||    12
Invok: Heroism           |       |       |     1 |    23 |    30 ||    54
       Finesse           |       |       |       |     2 |     7 ||     9
Evoke: Wand              |       |       |       |     2 |    28 ||    30
       Rod               |       |       |       |       |     2 ||     2
  Use: Scroll            |     2 |       |    13 |     3 |    21 ||    39
       Potion            |       |     4 |     4 |     2 |    12 ||    22
  Eat: Chunk             |     1 |     3 |    11 |     9 |    17 ||    41
       Fruit             |     1 |       |       |       |       ||     1
       Bread ration      |       |     1 |       |     2 |     3 ||     6
       Royal jelly       |       |     1 |     1 |       |       ||     2
       Pizza             |       |       |     2 |     1 |     1 ||     4
       Beef jerky        |       |       |       |     2 |       ||     2
       Meat ration       |       |       |       |       |     1 ||     1
Armor: Robe              |    13 |       |       |       |       ||    13
       Leather armour    |    17 |    16 |       |       |       ||    33
       Ring mail         |       |    71 |    70 |       |       ||   141
       Scale mail        |       |       |   143 |   350 |   407 ||   900
       Chain mail        |       |       |    32 |       |       ||    32
       Plate armour      |       |       |       |       |   455 ||   455
Dodge: Dodged            |   100 |   164 |   395 |   641 |   910 ||  2210
Block: Shield            |       |       |       |    66 |  1118 ||  1184
